 Dungeon Crawl Stone Soup version 0.30-b1-2-g02819fbbbe (webtiles) character file.

Game seed: 1299827929109744530

74338 HumanPerson the Hoplite (level 15, 0/119 HPs)
             Began as a Formicid Fighter on Dec 30, 2023.
             Was an Initiate of Gozag.
             Constricted to death by a naga warrior (4 damage)
             ... on level 4 of the Snake Pit.
             The game lasted 00:43:01 (18472 turns).

HumanPerson the Hoplite (Formicid Fighter)         Turns: 18472, Time: 00:43:07

Health: 0/119      AC: 20    Str: 37    XL:     15   Next: 93%
Magic:  15/15      EV: 15    Int:  7    God:    Gozag
Gold:   2778       SH: 27    Dex: 13    Spells: 14/14 levels left

rFire   . . .        o - +7 mace of Geasyeg {drain, Fly rC+++ Will- Str+3}
rCold   + + +        B - +0 tower shield
rNeg    . . .        G - +5 scale mail "Ruyla" {rElec Str+5}
rPois   .            (helmet unavailable)
rElec   +            x - +2 cloak
rCorr   .            (no gloves)
SInv    +            q - +2 pair of boots
Will    .....        w - amulet of reflection
Stlth   +            k - ring of flight
HPRegen 0.39/turn    L - +5 ring of evasion
MPRegen 0.14/turn

%: reflection
@: gold aura, flying, constricted
A: permanent stasis, dig shafts and tunnels, antennae 3, four strong arms
a: Dig, Shaft Self, Renounce Religion, Potion Petition, Call Merchant, Bribe
Branch


You were on level 4 of the Snake Pit.
You worshipped Gozag.
Gozag was most pleased with you.
You visited 5 branches of the dungeon, and saw 19 of its levels.
You also visited: Bailey.

You collected 4044 gold pieces.
You paid 1266 gold pieces to Gozag.

Inventory:

Hand Weapons
 a - a +1 quarterstaff
 o - the +7 mace of Geasyeg (weapon) {drain, Fly rC+++ Will- Str+3}
   (You found it on level 2 of the Dungeon)

   Str:       It affects your strength (+3).
   rC:        It renders you almost immune to cold.
   Fly:       It grants you flight.
   Will:      It decreases your willpower.
Armour
 q - a +2 pair of boots (worn)
 x - a +2 cloak (worn)
 y - a +0 chain mail
 B - a +0 tower shield (worn)
 G - the +5 scale mail "Ruyla" (worn) {rElec Str+5}
   (You found it in a bailey)

   Str:       It affects your strength (+5).
   rElec:     It insulates you from electricity.
Jewellery
 k - a ring of flight (left hand)
 l - an amulet of magic regeneration
 r - a ring of protection from cold
 w - an amulet of reflection (around neck)
 A - a +6 ring of dexterity
 I - a ring of ice
 L - a +5 ring of evasion (right hand)
Wands
 d - a wand of flame (57)
 p - a wand of polymorph (14)
 D - a wand of charming (19)
 K - a wand of roots (3)
 S - a wand of mindburst (8)
Scrolls
 b - 3 scrolls of silence {unknown}
 c - 2 scrolls of amnesia {unknown}
 e - 4 scrolls of fear
 g - 7 scrolls of teleportation
 s - 2 scrolls of vulnerability
 t - a scroll of noise
 v - a scroll of immolation
 F - a scroll of fog {unknown}
 N - 2 scrolls of magic mapping
 P - 4 scrolls of poison {unknown}
 T - a scroll of identify
Potions
 f - 2 potions of cancellation {unknown}
 h - 4 potions of curing
 i - 4 potions of lignification {unknown}
 m - 6 potions of brilliance
 n - 3 potions of degeneration
 u - 2 potions of mutation {unknown}
 z - a potion of invisibility {unknown}
 C - 2 potions of haste {unknown}
 E - a potion of magic {unknown}
 H - a potion of might
 J - a potion of resistance
 O - 2 potions of ambrosia {unknown}
 Q - 2 potions of flight {unknown}
Miscellaneous
 j - a condenser vane (inert)
 R - a phantom mirror


   Skills:
 + Level 11.3 Fighting
 + Level 14.5(14.7) Maces & Flails
 + Level 3.6(10.1) Staves
 + Level 10.6 Armour
 + Level 7.0 Dodging
 + Level 4.9 Stealth
 + Level 23.2 Shields
 + Level 1.0 Evocations


You had 14 spell levels left.
You didn't know any spells.
Your spell library contained the following spells:

 Spells                   Type           Power      Damage    Failure   Level
 Necrotise                Necr           0%         1d4       67%         1
 Lesser Beckoning         Tloc           0%         N/A       80%         2
 Frozen Ramparts          Ice            0%         1d1       95%         3
 Gell's Gravitas          Tloc           0%         N/A       95%         3
 Ignite Poison            Fire/Tmut/Pois 0%         N/A       95%         3
 Ozocubu's Armour         Ice            0%         N/A       95%         3
 Teleport Other           Tloc           0%         N/A       95%         3
 Vampiric Draining        Necr           0%         2d6       95%         3
 Anguish                  Hex/Necr       0%         N/A       100%        4
 Cause Fear               Hex            0%         N/A       100%        4
 Ice Form                 Ice/Tmut       0%         N/A       100%        4
 Manifold Assault         Tloc           0%         N/A       100%        4
 Sticky Flame             Conj/Fire      0%         2d3       100%        4
 Summon Ice Beast         Ice/Summ       0%         N/A       100%        4
 Agony                    Necr           0%         N/A       100%        5
 Arcjolt                  Conj/Air       0%         1d10      100%        5
 Blade Hands              Tmut           0%         N/A       100%        5
 Irradiate                Conj/Tmut      0%         3d11      100%        5
 Summon Mana Viper        Hex/Summ       0%         N/A       100%        5
 Dispersal                Tloc           0%         N/A       100%        6
 Plasma Beam              Fire/Air       0%         2x1d11    100%        6
 Dragon Form              Tmut           0%         N/A       100%        7
 Enfeeble                 Hex            0%         N/A       100%        7
 Monstrous Menagerie      Summ           0%         N/A       100%        7
 Ozocubu's Refrigeration  Ice            0%         4d7       100%        7
 Storm Form               Tmut/Air       0%         N/A       100%        7
 Disjunction              Tloc           0%         N/A       100%        8
 Ignition                 Fire           0%         3d3       100%        8
 Blink                    Tloc           Unusable   N/A       N/A         2
 Vhi's Electric Charge    Tloc/Air       Unusable   N/A       N/A         3

Dungeon Overview and Level Annotations

Branches:
Dungeon (9/15)             Temple (1/1) D:4            Lair (4/5) D:9
  Swamp (1/4) Lair:2        Snake (4/4) Lair:3       Bailey (visited)
  Slime: Lair:4-5       Orc: D:9-12

Altars:
Ashenzari
Cheibriados
Elyvilon
Fedhas
Gozag
Hepliaklqana
Kikubaaqudgha
Makhleb
Nemelex Xobeh
Okawaru
Qazlal
Ru
Sif Muna
Trog
Uskayaw
Vehumet
Wu Jian
Xom
Yredelemnul
The Shining One

Shops:
D:3 :   Snake:1 [

Annotations:
Snake:1 2 runed translucent doors, Seits's ghost, adept MiFi


Innate Abilities, Weirdness & Mutations

You cannot be hasted, slowed, berserked, paralysed or teleported.
You can dig through walls and to a lower floor.
You have a pair of large antennae on your head. (SInv)
Your four strong arms can wield two-handed weapons with a shield.


Message History

The arrow hits you.
Things that are here:
14 gold pieces; a +0 scimitar You sock the naga mage!
You drain the naga mage.
The naga mage is heavily wounded.
The naga warrior is no longer distracted by gold.
You sock the naga mage!
The naga mage is almost dead.
The naga sharpshooter casts a spell.
The naga sharpshooter magically shoots an arrow.
You block the arrow with an invisible shield... and reflect it back!
The naga mage misses you. The naga mage closely misses you.
You thump the naga mage!
You kill the naga mage!
The naga warrior roars a battlecry!
The naga warrior goes into a battle-frenzy!
You block the naga's attack. The naga spits poison at you.
You block splash of poison... and reflect it back!
The splash of poison hits the naga but does no damage.
The naga warrior closely misses you. The naga warrior grabs you.
The naga warrior constricts you.
The naga warrior hits you from afar with a +0 glaive.
Things that are here:
15 gold pieces; a +0 whip; a +0 robe The naga warrior's grasp on you weakens, but your attempt to escape fails.
You block the naga's attack.
The naga sharpshooter is distracted by your dazzling golden aura.
You block the naga's attack. You block the naga warrior's attack.
The naga warrior constricts you.
* * * LOW HITPOINT WARNING * * *
The naga warrior closely misses you.
You feel much better.
The naga is distracted by your dazzling golden aura.
You block the naga's attack.
The naga warrior hits you with a +4 battleaxe!!!
* * * LOW HITPOINT WARNING * * *
The naga warrior constricts you.
You die...
Your body crumbles into a pile of gold.

# #.........#..### #
#...........[..# #
#............### #
#...........## #
#)..........#
######...........#
.......#######'#.#
#####..#.......#$#
....#..#.......#@##
....##.#.......#NN###
[....#.#.......#NNN.#
....##.#.......#NN..#
###+#..#.......#...##
.......#.......#..##
..N....#########..#
......<..N{..{....#
.........N...{....##


You could see 2 naga warriors, a naga sharpshooter (strong, unaware) and 4
nagas.

Vanquished Creatures
  Vashnia (Snake:2)
  Donald (Snake:2)
  A nagaraja (Snake:3)
  An eleionoma (Lair:2)
  Fannar (Lair:1)
  A hydra (Lair:2)
  2 salamander tyrants
  6 anacondas
  A two-headed ogre (D:9)
  A boulder beetle (Lair:2)
  6 death yaks (Lair:1)
  4 naga warriors
  7 shock serpents
  8 naga sharpshooters
  2 salamander mystics
  4 sea snakes (Snake:3)
  4 naga ritualists
  An orc knight (Bailey)
  A deep elf zephyrmancer (Bailey)
  10 mana vipers
  18 salamanders
  11 elephants
  2 guardian serpents (Snake:4)
  Joseph (Lair:1)
  25 black mambas
  4 naga magi
  A kobold demonologist (D:9)
  5 cane toads
  5 komodo dragons
  A rime drake (Lair:1)
  3 polar bears
  A tyrant leech (Lair:2)
  7 dream sheep (Lair:2)
  Prince Ribbit (D:9)
  8 blink frogs (Lair:2)
  2 wyverns
  13 yaks
  Eustachio (D:4)
  6 basilisks
  4 steam dragons
  2 swamp worms (Lair:2)
  13 nagas
  10 water moccasins
  An ice beast (D:6)
  3 black bears
  2 sky beasts (D:7)
  8 orc warriors
  8 wolves
  4 centaurs
  3 phantoms
  8 bullfrogs
  A gnoll sergeant (D:6)
  3 scorpions
  4 wights (D:6)
  15 killer bees
  2 howler monkeys (D:8)
  3 jellies
  5 orc priests
  4 hounds
  An iguana (D:5)
  8 orc wizards
  4 gnolls (D:6)
  4 adders
  3 shadow imps
  A white imp (D:7)
  2 ufetubi (D:6)
  A worm (D:3)
  A dart slug (D:2)
  29 orcs
  8 bats
  10 endoplasms
  2 giant cockroaches (D:1)
  7 goblins
  12 hobgoblins
  2 jackals (D:4)
  8 kobolds
  2 quokkas
  7 ball pythons
  4 frilled lizards
  A goblin skeleton (D:5)
  A goblin zombie (D:5)
  4 hobgoblin zombies (D:5)
  2 kobold skeletons (D:5)
  2 orc zombies (D:5)
  6 rats
413 creatures vanquished.

Vanquished Creatures (others)
  A bloated husk (Swamp:1)
  A naga (Snake:3)
  A swamp worm (Swamp:1)
  27 bushes (Lair:2)
  16 fungi
  106 plants
152 creatures vanquished.

Grand Total: 565 creatures vanquished

Notes
Turn   | Place    | Note
-------+----------+-------------------------------------------
     0 | D:1      | HumanPerson the Formicid Fighter began the quest for the
                  | Orb.
     0 | D:1      | Reached XP level 1. HP: 18/18 MP: 1/1
   100 | D:1      | Reached XP level 2. HP: 24/24 MP: 2/2
   223 | D:1      | Reached XP level 3. HP: 21/29 MP: 3/3
   577 | D:2      | Found a faded altar of an unknown god.
   831 | D:2      | Reached XP level 4. HP: 35/37 MP: 4/4
   898 | D:2      | Found a broken altar of Ashenzari.
  1108 | D:2      | Identified the +7 mace of Geasyeg {drain, Fly rC+++ Will-
                  | Str+3}
  1427 | D:3      | Found Juwkoll's Book Shoppe.
  1554 | D:3      | Found a sacrificial altar of Ru.
  1990 | D:4      | Reached XP level 5. HP: 42/42 MP: 5/5
  2043 | D:4      | Noticed a phantom
  2055 | D:4      | Killed a phantom
  2056 | D:4      | Reached skill level 1 in Maces & Flails
  2167 | D:4      | Found a staircase to the Ecumenical Temple.
  2217 | Temple   | Entered the Ecumenical Temple
  2482 | Temple   | Became a worshipper of Gozag Ym Sagoz the Greedy
  2500 | D:4      | Reached XP level 6. HP: 48/48 MP: 6/6
  2514 | D:4      | Noticed Eustachio
  2531 | D:4      | You are sucked into a shaft and drop 1 floor!
  2531 | D:5      | Entered Level 5 of the Dungeon
  3507 | D:4      | Killed Eustachio
  3508 | D:4      | Reached skill level 1 in Dodging
  3508 | D:4      | Reached skill level 5 in Shields
  3508 | D:4      | Reached XP level 7. HP: 53/54 MP: 7/7
  3899 | D:5      | Reached skill level 5 in Armour
  3904 | D:5      | Found a shimmering altar of Xom.
  3935 | D:5      | Found a bloodstained altar of Trog.
  4059 | D:5      | Found a glowing golden altar of the Shining One.
  4653 | D:6      | Reached XP level 8. HP: 58/61 MP: 8/8
  4657 | D:6      | Reached skill level 1 in Stealth
  4743 | D:6      | Identified a scroll of acquirement
  4744 | D:6      | Acquired a manual of Shields
  4786 | D:6      | Reached skill level 5 in Maces & Flails
  4945 | D:6      | Reached skill level 6 in Shields
  4965 | D:6      | Found a broken altar of Ashenzari.
  4973 | D:6      | Reached skill level 5 in Fighting
  5324 | D:6      | Reached XP level 9. HP: 49/67 MP: 9/9
  5698 | D:7      | Reached skill level 7 in Shields
  5826 | D:7      | Found a shimmering blue altar of Sif Muna.
  6319 | D:7      | Reached skill level 8 in Shields
  6662 | D:8      | Found a hazy altar of Hepliaklqana.
  6842 | D:8      | Found a blossoming altar of Fedhas.
  7021 | D:8      | Reached skill level 9 in Shields
  7024 | D:8      | Reached XP level 10. HP: 54/76 MP: 10/10
  7131 | D:8      | Found a radiant altar of Vehumet.
  7425 | D:8      | Reached skill level 10 in Shields
  7471 | D:8      | Reached skill level 11 in Shields
  7721 | D:8      | Reached skill level 12 in Shields
  7916 | D:9      | Found a flagged portal.
  7959 | Bailey   | Entered a bailey
  8087 | Bailey   | Noticed an orc knight
  8103 | Bailey   | Killed an orc knight
  8104 | Bailey   | Reached skill level 13 in Shields
  8109 | Bailey   | Found a large runed translucent door.
  8109 | Bailey   | Found a large runed translucent door.
  8109 | Bailey   | Noticed a deep elf zephyrmancer
  8297 | Bailey   | Killed a deep elf zephyrmancer
  8318 | Bailey   | Identified the orb of Nyrchal {light, rPois rC+}
  8319 | Bailey   | Identified the +2 robe "Maphuynn" {Str+5}
  8320 | Bailey   | Identified the +5 scale mail "Ruyla" {rElec Str+5}
  8430 | D:9      | Reached XP level 11. HP: 56/83 MP: 11/11
  8596 | D:9      | Noticed a sixfirhy
  8597 | D:9      | Reached skill level 14 in Shields
  8647 | D:9      | Noticed a +0 spear
  8647 | D:9      | Noticed a +0 dagger
  8647 | D:9      | Noticed a +0 falchion
  8647 | D:9      | Noticed a +0 spear
  8647 | D:9      | Noticed a +0 falchion
  8662 | D:9      | Noticed a +0 dagger
  8663 | D:9      | Noticed a +0 short sword
  8663 | D:9      | Noticed a +0 short sword
  8667 | D:9      | Found a hide-covered altar of Uskayaw.
  8707 | D:9      | Found a staircase to the Lair.
  8745 | D:9      | Noticed Prince Ribbit
  8756 | D:9      | Killed Prince Ribbit
  8837 | D:9      | Found an ornate altar of the Wu Jian Council.
  8909 | D:9      | Noticed a two-headed ogre
  8920 | D:9      | Killed a two-headed ogre
  8921 | D:9      | Reached skill level 15 in Shields
  9128 | D:9      | Reached skill level 10 in Maces & Flails
  9463 | Lair:1   | Entered Level 1 of the Lair of Beasts
  9656 | Lair:1   | Reached skill level 16 in Shields
  9735 | Lair:1   | Noticed an elephant
  9735 | Lair:1   | Noticed an elephant
  9735 | Lair:1   | Noticed an elephant
  9735 | Lair:1   | Noticed an elephant
  9735 | Lair:1   | Noticed an elephant
  9750 | Lair:1   | Noticed an elephant
  9757 | Lair:1   | Killed an elephant
  9765 | Lair:1   | Killed an elephant
  9781 | Lair:1   | Killed an elephant
  9784 | Lair:1   | Killed an elephant
  9794 | Lair:1   | Killed an elephant
  9802 | Lair:1   | Killed an elephant
  9960 | Lair:1   | Noticed Joseph
  9964 | Lair:1   | Killed Joseph
  9965 | Lair:1   | Reached skill level 17 in Shields
  9965 | Lair:1   | Reached XP level 12. HP: 91/91 MP: 12/12
 10019 | Lair:1   | Noticed a death yak
 10019 | Lair:1   | Noticed a death yak
 10020 | Lair:1   | Noticed a death yak
 10021 | Lair:1   | Noticed a death yak
 10030 | Lair:1   | Noticed a death yak
 10038 | Lair:1   | Noticed a death yak
 10044 | Lair:1   | Killed a death yak
 10078 | Lair:1   | Killed a death yak
 10081 | Lair:1   | Killed a death yak
 10101 | Lair:1   | Killed a death yak
 10112 | Lair:1   | Killed a death yak
 10117 | Lair:1   | Killed a death yak
 10652 | Lair:1   | Reached skill level 18 in Shields
 10655 | Lair:1   | Noticed Fannar
 10674 | Lair:1   | Killed Fannar
 10844 | Lair:2   | Reached skill level 5 in Dodging
 10844 | Lair:2   | Reached XP level 13. HP: 99/99 MP: 13/13
 10945 | Lair:2   | Identified the +1 ring mail "Dana" {Harm Fly Dex+4}
 11222 | Lair:2   | Noticed an eight-headed hydra
 11232 | Lair:2   | Killed an eight-headed hydra
 11375 | Lair:2   | You are sucked into a shaft and drop 2 floors!
 11440 | Lair:3   | Reached skill level 19 in Shields
 11456 | Lair:3   | Found a staircase to the Snake Pit.
 11503 | Lair:3   | Reached skill level 1 in Evocations
 12240 | Lair:2   | Found a staircase to the Swamp.
 12753 | Swamp:1  | Entered Level 1 of the Swamp
 12753 | Swamp:1  | Noticed an eleionoma
 12753 | Swamp:1  | Noticed an eleionoma
 12753 | Swamp:1  | Noticed a shambling mangrove
 12762 | Lair:2   | Killed an eleionoma
 12767 | Swamp:1  | Noticed a bunyip
 12769 | Swamp:1  | Noticed an eight-headed hydra
 12912 | Snake:1  | Entered Level 1 of the Snake Pit
 12999 | Snake:1  | Found Liuthrop's Antique Armour Emporium.
 13165 | Snake:1  | Noticed an anaconda
 13170 | Snake:1  | Killed an anaconda
 13210 | Snake:1  | Reached XP level 14. HP: 87/108 MP: 14/14
 13215 | Snake:1  | Reached skill level 20 in Shields
 13548 | Snake:1  | Found a large runed translucent door.
 13548 | Snake:1  | Found a large runed translucent door.
 13549 | Snake:1  | Noticed Seits's ghost (adept MiFi)
 13922 | Snake:1  | You are sucked into a shaft and drop 1 floor!
 13977 | Snake:2  | Noticed Donald
 13995 | Snake:2  | Killed Donald
 14185 | Snake:2  | Noticed Vashnia
 14227 | Snake:2  | Killed Vashnia
 14228 | Snake:2  | Reached skill level 10 in Fighting
 14228 | Snake:2  | Reached skill level 10 in Armour
 14872 | Snake:2  | Reached skill level 21 in Shields
 15824 | Snake:3  | Reached XP level 15. HP: 68/116 MP: 15/15
 16158 | Snake:3  | Noticed a nagaraja
 16170 | Snake:3  | Killed a nagaraja
 16184 | Snake:3  | Reached skill level 22 in Shields
 17044 | Snake:4  | Entered Level 4 of the Snake Pit
 17674 | Snake:4  | Reached skill level 23 in Shields
 18472 | Snake:4  | HP: 4/119 [naga warrior/+4 battleaxe (51)]
 18472 | Snake:4  | Constricted to death by a naga warrior

Illustrated notes

Levels and vault maps discovered:
D:1:      evilmike_arrival_crescent, layout_rooms,
          chequers_serial_rivers_small_b, minmay_misc_feat_plants, moated_statue
D:2:      layout_basic, basic_ecumenical_altar, basic_altar, serial_bayou_lake_a
D:3:      layout_basic, hangedman_ru_absence, serial_shops, shop
D:4:      layout_layer_cave, minmay_temple_entry_statues_fountains,
          serial_rivers, chequers_serial_rivers_small_a,
          chequers_serial_rivers_micro_e, chequers_serial_rivers_large_a,
          chequers_serial_rivers_micro_b, chequers_serial_rivers_small_a,
          chequers_serial_rivers_room_b, uniq_eustachio
D:5:      layout_basic, nicolae_tso_besieged_by_evil,
          brannock_xom_greatest_gift, lemuel_tele_altar
D:6:      layout_basic, cheibrodos_ashenzari_chains
D:7:      layout_basic, mainiacjoe_overflow_six_doors_small
D:8:      layout_basic, fedhas_bush_and_centaur_altar,
          nicolae_vehumet_altar_sigil, nzn_hepliaklqana_mist_gate
D:9:      layout_grid_maze, nicolae_uskayaw_en_pointe,
          mainiacjoe_overflow_24_doors, dpeg_oklobed_lair, enter_bailey_4,
          uniq_prince_ribbit1
Temple:   chequers_temple_sunken
Lair:1:   layout_regular_city, serial_bayou_shore_b, grunt_megastairs_2,
          lemuel_fruit_fields, uniq_joseph, uniq_fannar
Lair:2:   layout_regular_city, minmay_swamp_entry_worms, serial_forest,
          infiniplex_forest_straight_2, infiniplex_forest_end_1,
          infiniplex_forest_end_3, infiniplex_forest_end_1,
          infiniplex_forest_pool, infiniplex_forest_zigzag_1,
          infiniplex_forest_clump_diagonal, st_stairs_9, serial_bayou_shore_b
Lair:3:   layout_small_grid, minmay_snake_entry_guardpost_small,
          grunt_megastairs_4, infiniplex_staircase_pool, uniq_josephine
Lair:4:   layout_concentric_octagons, lemuel_fruit_fields
Swamp:1:  layout_falls_marsh, evilmike_swamp_ruin_rubble_1, uniq_frances
Snake:1:  layout_basic, serial_shops, nicolae_shop_rolling_square,
          ebering_ghost_disaster_area, serial_bayou_shore_a, minmay_shoptagon
Snake:2:  layout_layer_cave, nicolae_integral_box, uniq_vashnia, uniq_donald
Snake:3:  layout_rooms, nicolae_snake_snake_lake, library_closet,
          lemuel_fruit_tree
Snake:4:  johnstein_snake_rune_scales, layout_cave_town

Skill      XL: |  1  2  3  4  5  6  7  8  9 10 11 12 13 14 15 |
---------------+----------------------------------------------+-----
Armour         | 4 5 6 7 8 9 10 | 10.6
Staves         | 3 |  3.6
Maces & Flails | 1 3 4 6 7 9 10 11 13 14 | 14.5
Fighting       | 4 5 6 7 8 9 10 11 | 11.3
Dodging        | 1 2 4 5 6 7 |  7.0
Shields        | 5 6 9 13 17 18 19 21 23 | 23.2
Stealth        | 1 2 3 4 |  4.9
Evocations     | 1 |  1.0

Action                     |  1- 3 |  4- 6 |  7- 9 | 10-12 | 13-15 || total
---------------------------+-------+-------+-------+-------+-------++-------
  Melee: Quarterstaff      |    98 |    16 |       |       |       ||   114
         Mace              |       |    70 |   232 |   530 |   943 ||  1775
 Invoke: Potion Petition   |       |       |     1 |       |     2 ||     3
Ability: Shaft Self        |       |     1 |       |       |       ||     1
         Dig               |       |       |       |       |     1 ||     1
  Evoke: Wand              |       |       |       |     1 |     5 ||     6
         Condenser vane    |       |       |       |       |     1 ||     1
    Use: Scroll            |       |     9 |     3 |     1 |     2 ||    15
         Potion            |       |     2 |     1 |     3 |     6 ||    12
   Stab: Distracted        |       |       |     1 |     3 |     7 ||    11
 Armour: Scale mail        |    53 |    65 |    25 |   142 |   155 ||   440
         Chain mail        |       |       |    83 |    26 |       ||   109
         Skin              |       |       |     2 |       |       ||     2
  Dodge: Dodged            |    43 |    69 |    85 |   130 |   208 ||   535
  Block: Buckler           |    23 |    34 |    50 |       |       ||   107
         Tower shield      |       |       |    54 |   653 |   996 ||  1703
         Reflection        |       |       |     4 |    12 |    80 ||    96
